AoeStats
← [KMNB] Bandeira

African Clearing

505225630Analyzed
3v3 RM · 25d ago on Sep 8, 2026· 35m 2s· 6 players
Game mode
Random Map
Map size
Normal (6 player)
Population
200
Speed
Normal
Resources
Standard
Victory
Conquest
Starting age
Dark Age
Ending age
Imperial Age
RankedLock teamsTeams togetherTeam positionsShared explorationLock speedFull tech treeHidden civsTurbo modeCheats
Victory
Defeat
🇧🇷 Persians · Brazil
1576
+13
🇧🇷 Huns · Brazil
1503
+16
🇧🇷 Britons · Brazil
1427
+19
🇨🇳 Malians · China
1520
-17
🇩🇪 Mongols · Germany
1508
-16
🇺🇸 Berbers · United States
1481
-15
Skirm2OP
11:33 Loom
13:18 Feudal Age
17:41 Castle Age
15:29 Double-Bit Axe
16:14 Town Watch
17:16 Horse Collar
17:45 Fletching
23:30 Bodkin Arrow
24:56 Padded Archer Armor
32:03 Leather Archer Armor
hermelin*?
12:48 Feudal Age
12:21 Loom
14:12 Double-Bit Axe
16:10 Gold Mining
18:50 Castle Age
23:46 Scale Barding Armor
23:51 Forging
24:34 Husbandry
25:03 Town Watch
25:23 Fletching
26:02 Horse Collar
27:59 Bloodlines
29:27 Bow Saw
33:41 Iron Casting
33:29 Chain Barding Armor
33:57 Stone Mining
35:35 Iron Casting
dentist-44
11:12 Loom
13:28 Feudal Age
22:43 Castle Age
20:57 Double-Bit Axe
21:16 Horse Collar
22:36 Padded Archer Armor
22:39 Scale Mail Armor
24:45 Bow Saw
26:27 Chain Mail Armor
33:54 Gold Mining
[KMNB] Dedão
9:02 Loom
11:56 Feudal Age
12:38 Double-Bit Axe
13:47 Horse Collar
14:51 Forging
18:20 Wheelbarrow
21:17 Castle Age
19:55 Gold Mining
20:41 Fletching
21:34 Bloodlines
22:02 Bodkin Arrow
22:21 Bow Saw
23:12 Padded Archer Armor
25:24 Ballistics
25:54 Husbandry
30:49 Heavy Plow
32:47 Stone Mining
33:53 Hand Cart
33:24 Town Watch
34:34 Leather Archer Armor
[KMNB] Bandeira
10:09 Loom
12:52 Feudal Age
13:19 Double-Bit Axe
18:09 Horse Collar
23:17 Castle Age
22:21 Bloodlines
22:56 Forging
22:57 Scale Barding Armor
25:44 Chain Barding Armor
26:21 Husbandry
32:04 Wheelbarrow
31:44 Bow Saw
32:39 Wheelbarrow
33:55 Iron Casting
[KMNB] Preguiça
4:52 Loom
12:53 Feudal Age
13:22 Double-Bit Axe
15:35 Fletching
16:52 Padded Archer Armor
19:41 Wheelbarrow
23:22 Castle Age
24:04 Bodkin Arrow
23:30 Crossbowman
24:55 Leather Archer Armor
25:22 Ballistics
27:26 Horse Collar
31:37 Bow Saw
33:23 Hand Cart
38:09 Imperial Age
Connection lost

Rejoining the realm…

Still unreachable

The connection could not be restored.

Session expired

The server has moved on; the page needs a fresh start.